 Dungeon Crawl Stone Soup version 0.28.0 (webtiles) character file.

Game seed: 17882315495856821384

98 pkoi the Ruffian (level 4, -2/35 HPs)
             Began as a Draconian Transmuter on Feb 10, 2022.
             Killed from afar by an orc wizard (6 damage)
             ... with a puff of flame
             ... on level 3 of the Dungeon.
             The game lasted 00:02:43 (2481 turns).

pkoi the Ruffian (Draconian Transmuter)             Turns: 2481, Time: 00:02:44

Health: -2/35      AC:  5    Str: 12    XL:     4   Next: 43%
Magic:  7/7        EV: 12    Int: 16    God:
Gold:   134        SH:  0    Dex: 11    Spells: 7/8 levels left

rFire   . . .      SeeInvis .     - Unarmed
rCold   . . .      Faith    .   (no shield)
rNeg    . . .      Spirit   .   (armour unavailable)
rPois   .          Reflect  .   (helmet currently unavailable)
rElec   .          Harm     .   (no cloak)
rCorr   .          Rampage  .   (no gloves)
Will    .....                   (boots currently unavailable)
Stlth   +.........              (no amulet)
HPRegen 0.11/turn               (no ring)
MPRegen 0.10/turn               (no ring)

@: confused, appendages
A: horns 2, talons 2, AC +5, unfitting armour, cold-blooded
a: End Transformation


You were on level 3 of the Dungeon.
You had temporarily grown beastly horns and talons.
You visited 1 branch of the dungeon, and saw 3 of its levels.

You collected 134 gold pieces.

Inventory:

Missiles
 f - 6 poisoned darts
Scrolls
 b - 3 scrolls of identify {unknown}
 e - 2 scrolls of fog {unknown}
 g - a scroll of amnesia {unknown}
Potions
 c - 2 potions of might {unknown}
 d - 2 potions of curing {unknown}


   Skills:
 - Level 1.1 Fighting
 - Level 1.7 Dodging
 * Level 4.5 Unarmed Combat
 + Level 2.5 Spellcasting
 + Level 2.6 Transmutations


You had 7 spell levels left.
You knew the following spells:

 Your Spells              Type           Power      Damage    Failure   Level
a - Beastly Appendage     Tmut           20%        N/A       7%          1

Your spell library contained the following spells:

 Spells                   Type           Power      Damage    Failure   Level
 Wereblood                Tmut           10%        N/A       10%         2
 Spider Form              Tmut/Pois      6%         N/A       34%         3
 Ice Form                 Ice/Tmut       6%         N/A       75%         4
 Summon Forest            Summ/Tloc      1%         N/A       99%         5
 Malign Gateway           Summ/Tloc      1%         N/A       100%        7
 Disjunction              Tloc           1%         N/A       100%        8


Dungeon Overview and Level Annotations

Branches:
Dungeon (3/15)

Altars:

Shops:
D:2 =


Innate Abilities, Weirdness & Mutations

You have temporarily grown beastly horns and talons.
Your plain brown scales are hard. (AC +5)
You cannot fit into any form of body armour.
You are cold-blooded and may be slowed by cold attacks.


Message History

You feel less confused.
You hear some strange, mumbled words.
Something tries to affect you, but you resist.
Something hits you but does no damage.
You are too injured to fight recklessly!
Casting: Beastly Appendage (safe; 7% risk of failure)
Press: ? - help, Q - select action, (/) - cycle Dir - look around, f - activate You grow a pair of large bovine horns.
Your feet morph into talons.
You hear some strange, mumbled words.
A puff of flame appears from out of thin air!
The puff of flame hits you!
* * * LOW HITPOINT WARNING * * *
You hear some strange, mumbled words.
A magic dart appears from out of thin air!
The magic dart hits you.
* * * LOW HITPOINT WARNING * * *
You closely miss something. Your kick misses something.
Your headbutt misses something.
Your tail-slap misses something.
An orc wizard appears from thin air!
Reactivating autopickup.
The orc wizard points at you and mumbles some strange words.
You are confused.
The orc wizard gestures at you while chanting.
You are more confused.
You're too confused to move!
The orc wizard hits you but does no damage.
The orc wizard mumbles some strange words.
The orc wizard flickers and vanishes!
Deactivating autopickup; reactivate with Ctrl-A.
You closely miss something. Your headbutt misses something.
Your tail-slap misses something.
Something hits you but does no damage.
You hear some strange, mumbled words.
A puff of flame appears from out of thin air!
The puff of flame hits you!
* * * LOW HITPOINT WARNING * * *
Something hits you but does no damage.
You hear some strange, mumbled words.
A puff of flame appears from out of thin air!
The puff of flame hits you.
You die...

#.......### ..
.........##
..#####
#........#
#..$...##.....##
#...^..........##
................#
................#
........{.....).#
..........@.....#
.............<..#
................#
#..............##
##>....##.....##
##..## ###<.##
##. ..... #.
#..>.. #.>....


There were no monsters in sight!

Vanquished Creatures
  Terence (D:2)
  3 gnolls (D:2)
  A worm (D:2)
  2 orcs
  3 ball pythons
  5 bats
  4 endoplasms (D:1)
  2 giant cockroaches
  2 goblins
  4 hobgoblins
  3 jackals (D:1)
  2 kobolds
  A quokka (D:1)
  2 frilled lizards (D:1)
  3 rats
38 creatures vanquished.

Notes
Turn   | Place    | Note
-------+----------+-------------------------------------------
     0 | D:1      | pkoi the Draconian Transmuter began the quest for the Orb.
     0 | D:1      | Reached XP level 1. HP: 16/16 MP: 3/3
     1 | D:1      | Got the Guide on Displacement
   254 | D:1      | Reached XP level 2. HP: 16/23 MP: 3/5
   907 | D:2      | Reached skill level 4 in Unarmed Combat
   907 | D:2      | Reached XP level 3. HP: 24/28 MP: 6/6
  1260 | D:2      | Found a faded altar of an unknown god.
  1444 | D:2      | Noticed Terence
  1520 | D:2      | Killed Terence
  1521 | D:2      | Reached XP level 4. HP: 20/35 MP: 5/7
  1987 | D:2      | Found Vukapras's Jewellery Boutique.
  2481 | D:3      | Killed from afar by an orc wizard

Illustrated notes

Levels and vault maps discovered:
D:1:      nicolae_arrival_somewhat_less_tricky_arrival, layout_basic
D:2:      layout_basic, serial_shops, nicolae_shop_behind_doors,
          hellmonk_ecumenical_altar_arch_garden, uniq_terence
D:3:      layout_rooms, nicolae_vehumet_altar_sigil, ebering_ghost_rock_garden,
          minmay_cut_off, uniq_ijyb, uniq_robin

Skill      XL: |  1  2 |
---------------+-------+-----
Unarmed Combat | 4 |  4.5
Fighting       | |  1.1
Dodging        | |  1.7
Spellcasting   | |  2.5
Transmutations | |  2.6

Action                   |  1- 3 |  4- 6 || total
-------------------------+-------+-------++-------
Melee: Unarmed           |    82 |    38 ||   120
       Tailslap          |    11 |     2 ||    13
       Kick              |     9 |     1 ||    10
       Punch             |     2 |     1 ||     3
       Headbutt          |     9 |     3 ||    12
 Cast: Beastly Appendage |    15 |     5 ||    20
  Use: Potion            |       |     1 ||     1
 Stab: Sleeping          |     1 |       ||     1
Armor: Skin              |    25 |    13 ||    38
Dodge: Dodged            |    39 |     9 ||    48
